 Dungeon Sprint DCSS version 0.30-a0-939-gc8157cb160 (webtiles) character file.

Game seed: 7255951778911884829

732 fozzywoppz the Fighter (level 7, -4/64 HPs)
             Began as a Demonspawn Gladiator on Mar 25, 2023.
             Was a Believer of Okawaru.
             Slain by a vampire (7 damage)
             ... in the Dungeon (Sprint IX: "|||||||||||||||||||||||||||||").
             The game lasted 00:03:01 (335 turns).

fozzywoppz the Fighter (Demonspawn Gladiator)        Turns: 335, Time: 00:03:02

Health: -4/64      AC: 12    Str: 16    XL:     7   Next: 45%
Magic:  7/7        EV: 14    Int: 12    God:    Okawaru [**....]
Gold:   0          SH:  0    Dex: 14    Spells: 6/6 levels left

rFire   . . .      SeeInvis .    q - +3 war axe (freeze)
rCold   . . .      Faith    .    (no shield)
rNeg    . . .      Spirit   .    p - +2 ring mail
rPois   .          Reflect  .    (helmet restricted)
rElec   .          Rampage  .    (no cloak)
rCorr   .          NoTele   +    (no gloves)
Will    .....                    b - +0 pair of boots
Stlth   +                        (no amulet)
HPRegen 0.30/turn                n - +2 ring of protection
MPRegen 0.10/turn                o - +2 ring of protection

@: on berserk cooldown, slowed, very slow
A: antennae 2, (demonic guardian 1), big brain 1
a: Renounce Religion, Heroism


You were in the Dungeon.
You worshipped Okawaru.
Okawaru was pleased with you.
You visited 1 branch

Inventory:

Hand Weapons
 a - a +0 war axe
 c - a +2 morningstar of protection
 q - a +3 war axe of freezing (weapon)
Missiles
 d - 3 throwing nets (quivered)
 e - a javelin
Armour
 b - a +0 pair of boots (worn)
 p - a +2 ring mail (worn)
Jewellery
 n - a +2 ring of protection (left hand)
 o - a +2 ring of protection (right hand)
Wands
 m - a wand of iceblast (10)
Scrolls
 k - 2 scrolls of blinking
 l - 2 scrolls of amnesia
Potions
 f - a potion of invisibility
 h - 4 potions of curing
 i - 4 potions of magic


   Skills:
 + Level 9.2 Fighting
 + Level 8.9 Axes
 - Level 5.0 Throwing
 + Level 8.7 Dodging


You had 6 spell levels left.
You didn't know any spells.
Your spell library was empty.

Dungeon Overview and Level Annotations

Branches:
Dungeon (1/1)

Altars:
Cheibriados
Dithmenos
Fedhas
Gozag
Hepliaklqana
Kikubaaqudgha
Makhleb
Nemelex Xobeh
Okawaru
Qazlal
Ru
Sif Muna
Trog
Uskayaw
Vehumet
Wu Jian
Xom
Yredelemnul
Jiyva
Lugonu


Innate Abilities, Weirdness & Mutations

You have a pair of antennae on your head.
((A weak demonic guardian rushes to your aid.))
You have an unusually large brain. (Int +2)


Message History

Something bites you but does no damage.
You hit something but do no damage. Something hits you.
* * * LOW HITPOINT WARNING * * *
Something completely misses you. Something barely misses you.
Something bites you!
* * * LOW HITPOINT WARNING * * *
Something draws strength from your injuries!
Unknown command.
You feel much better. Something hits you but does no damage.
Something completely misses you.
You hit something. Something hits you!
* * * LOW HITPOINT WARNING * * *
Something bites you but does no damage. Something draws life force from you!
* * * LOW HITPOINT WARNING * * *
You closely miss something. Something hits you but does no damage.
Something bites you but does no damage.
Unknown command.
You feel much better.
You hear some strange, mumbled words.
You are confused.
Something hits you but does no damage. Something bites you.
Something draws strength from your injuries!
You hit something but do no damage. Something barely misses you.
Something bites you but does no damage. Something hits you.
Something bites you but does no damage.
You hit something but do no damage. Something hits you but does no damage.
Something barely misses you.
You slash something! You freeze something. Something hits you.
Something bites you!
* * * LOW HITPOINT WARNING * * *
Something draws strength from your injuries!
Something hits you!
* * * LOW HITPOINT WARNING * * *
Something bites you but does no damage.
You barely miss something.
You feel less confused. Something hits you.
* * * LOW HITPOINT WARNING * * *
Something bites you!
You die...

▓)▓
▓.▓
▓.▓
▓[▓
{
▓.▓
{
▓.▓
{
▓.▓
▓'▓
▓@▓
▓{▓
▓.▓
▓.▓
▓.▓
▓.▓
▓+▓


There were no monsters in sight!

Vanquished Creatures
  A shadow (D)
  A wraith (D)
  A yak (D)
  An acid dragon (D)
  A centaur (D)
  A phantom (D)
  A jelly (D)
  A worm (D)
  An orc (D)
  A ball python (D)
  A giant cockroach (D)
  2 goblins (D)
  A hobgoblin (D)
  A quokka (D)
15 creatures vanquished.

Notes
Turn   | Place    | Note
-------+----------+-------------------------------------------
     0 | D        | fozzywoppz the Demonspawn Gladiator began the quest for the
                  | Orb.
     0 | D        | Reached XP level 1. HP: 16/16 MP: 1/1
    47 | D        | Noticed a jelly
    47 | D        | Noticed a phantom
    52 | D        | Killed a jelly
    53 | D        | Reached skill level 3 in Fighting
    53 | D        | Gained mutation: You have a pair of small antennae on your
                  | head. [demonic ancestry]
    53 | D        | Reached XP level 2. HP: 15/25 MP: 2/2
    53 | D        | Reached XP level 3. HP: 18/30 MP: 3/3
    74 | D        | Killed a phantom
    75 | D        | Reached skill level 4 in Fighting
    75 | D        | Reached skill level 5 in Dodging
    75 | D        | Reached XP level 4. HP: 7/38 MP: 4/4
   203 | D        | Reached skill level 5 in Fighting
   203 | D        | Reached skill level 5 in Axes
   215 | D        | Found a snail-covered altar of Cheibriados.
   215 | D        | Found a shadowy altar of Dithmenos.
   215 | D        | Found a blossoming altar of Fedhas.
   215 | D        | Found an opulent altar of Gozag.
   216 | D        | Found a hazy altar of Hepliaklqana.
   217 | D        | Found a viscous altar of Jiyva.
   218 | D        | Found an ancient bone altar of Kikubaaqudgha.
   219 | D        | Found a corrupted altar of Lugonu.
   220 | D        | Found a burning altar of Makhleb.
   221 | D        | Found a sparkling altar of Nemelex Xobeh.
   222 | D        | Found an iron altar of Okawaru.
   223 | D        | Found a stormy altar of Qazlal.
   224 | D        | Found a sacrificial altar of Ru.
   225 | D        | Found a shimmering blue altar of Sif Muna.
   226 | D        | Found a bloodstained altar of Trog.
   227 | D        | Found a hide-covered altar of Uskayaw.
   228 | D        | Found a radiant altar of Vehumet.
   229 | D        | Found an ornate altar of the Wu Jian Council.
   230 | D        | Became a worshipper of Warmaster Okawaru
   231 | D        | Found a shimmering altar of Xom.
   232 | D        | Found a basalt altar of Yredelemnul.
   297 | D        | Noticed a centaur
   297 | D        | Noticed a shadow
   297 | D        | Noticed a wraith
   297 | D        | Noticed a yak
   297 | D        | Noticed an acid dragon
   297 | D        | Noticed a vampire
   302 | D        | Killed a centaur
   303 | D        | Reached skill level 5 in Throwing
   303 | D        | Gained mutation: A weak demonic guardian rushes to your
                  | aid. [demonic ancestry]
   303 | D        | Reached XP level 5. HP: 46/46 MP: 5/5
   307 | D        | Killed a shadow
   307 | D        | Reached * piety under Okawaru
   308 | D        | Reached skill level 7 in Fighting
   308 | D        | Gained mutation: You have a pair of antennae on your head.
                  | [demonic ancestry]
   308 | D        | Reached XP level 6. HP: 55/55 MP: 6/6
   310 | D        | Killed a wraith
   311 | D        | Reached skill level 8 in Fighting
   316 | D        | Killed a yak
   316 | D        | Reached ** piety under Okawaru
   317 | D        | Gained mutation: You have an unusually large brain. (Int
                  | +2) [demonic ancestry]
   317 | D        | Reached XP level 7. HP: 58/63 MP: 7/7
   323 | D        | Reached skill level 9 in Fighting
   335 | D        | HP: 3/64 [something (4)]
   335 | D        | Slain by a vampire

Illustrated notes

Levels and vault maps discovered:
D:        linesprint [early_d, line_temple, items_1, d_10, items_2, lair_1,
          lair_end, items_3, orc_1, orc_end, items_4, d_15, swamp_1, shoals_1,
          snake_1, spider_1, d_20, vaults_1, items_5, swamp_end, shoals_end,
          snake_end, spider_end, vaults_end, d_27, items_6, zot_1, zot_end,
          crypt_end, forest_end, elf_end, slime_end, tomb_end, abyss_end,
          pan_hell_end]

Skill      XL: |  1  2  3  4  5  6  7 |
---------------+----------------------+-----
Throwing       | 3 4 5 |  5.0
Axes           | 3 4 6 7 8 |  8.9
Dodging        | 3 5 7 8 |  8.7
Fighting       | 3 4 5 7 8 9 |  9.2

Action                     |  1- 3 |  4- 6 |  7- 9 || total
---------------------------+-------+-------+-------++-------
  Melee: War axe           |    36 |    21 |    17 ||    74
         Punch             |       |     1 |       ||     1
    Use: Potion            |     3 |     1 |     2 ||     6
 Armour: Leather armour    |     2 |       |       ||     2
         Ring mail         |       |    14 |    23 ||    37
  Dodge: Dodged            |    17 |    11 |     9 ||    37

Table legend: (Time is in decaauts)
 A = Elapsed time spent in this place.
 B = Non-inter-level travel time spent in this place.
 C = Inter-level travel time spent in this place.
 D = Time resting spent in this place.
 E = Time spent auto-exploring this place.
 F = Levels seen in this place.
 G = Mean time per level.
                   A        B        C        D        E       F      G
               +--------+--------+--------+--------+--------+-----+--------+
         Total |    339 |    339 |      0 |    142 |      0 |   1 |  339.0 |
       Dungeon |    339 |    339 |      0 |    142 |      0 |   1 |  339.0 |
               +--------+--------+--------+--------+--------+-----+--------+

Top non-repeatable levels by time:
       D: 339 daAuts
